 Dungeon Crawl Stone Soup version 0.29-a0-284-gf9362112df (webtiles) character file.

Game seed: 14446150527708898029

291 mistaj the Skirmisher (level 6, 0/28 (35) HPs)
             Began as a Vine Stalker Monk on Mar 19, 2022.
             Slain by Duvessa
             ... wielding a +0 short sword
              (1 damage)
             ... on level 4 of the Dungeon.
             The game lasted 00:07:07 (3796 turns).

mistaj the Skirmisher (Vine Stalker Monk)           Turns: 3796, Time: 00:07:09

HP:   0/28 (35)     AC:  9    Str: 15    XL:     6   Next: 32%
MP:   0/7           EV:  7    Int: 10    God:
Gold: 186           SH:  0    Dex: 17    Spells: 5/5 levels left

rFire   . . .      SeeInvis .   o - +1 dagger (speed)
rCold   . . .      Faith    .   (no shield)
rNeg    . . .      Spirit   +   v - +0 chain mail
rPois   .          Reflect  .   (no helmet)
rElec   .          Harm     .   w - +0 cloak
rCorr   .          Rampage  .   (no gloves)
Will    .....                   (no boots)
Stlth   ..........              (no amulet)
HPRegen 0.89/turn               (no ring)
MPRegen 0.10/turn               (no ring)

@: heavily drained
A: fangs 2, regeneration 1, magic shield, antimagic bite, no potion heal 2
a: no special abilities


You were on level 4 of the Dungeon.
You visited 1 branch of the dungeon, and saw 4 of its levels.

You collected 186 gold pieces.

Inventory:

Hand Weapons
 o - a +1 dagger of speed (weapon)
 s - a +2 short sword of draining
 u - a +2 short sword of electrocution
Missiles
 h - 6 javelins (quivered)
Armour
 v - a +0 chain mail (worn)
 w - a +0 cloak (worn)
Scrolls
 b - 2 scrolls of blinking {unknown}
 d - 2 scrolls of teleportation {unknown}
 e - a scroll of fear {unknown}
 f - a scroll of enchant weapon {unknown}
 g - a scroll of torment {unknown}
 j - 3 scrolls of identify {unknown}
 k - a scroll of silence {unknown}
 p - a scroll of amnesia {unknown}
 q - a scroll of enchant armour {unknown}
 t - a scroll of vulnerability {unknown}
Potions
 a - 2 potions of brilliance {unknown}
 c - a potion of ambrosia
 i - a potion of might {unknown}
 l - a potion of berserk rage {unknown}
 m - a potion of magic {unknown}
 n - 2 potions of haste {unknown}
 r - a potion of attraction {unknown}


   Skills:
 + Level 4.8 Fighting
 + Level 4.8 Short Blades
 - Level 2.4 Dodging
 - Level 2.4 Stealth


You had 5 spell levels left.
You didn't know any spells.
Your spell library contained the following spells:

 Spells                   Type           Power      Damage    Failure   Level
 Pain                     Necr           0%         1d4       100%        1
 Agony                    Necr           0%         N/A       100%        5
 Excruciating Wounds      Necr           0%         N/A       100%        5


Dungeon Overview and Level Annotations

Branches:
Dungeon (4/15)
 Temple: D:4-7

Altars:

Annotations:
D:3 3 runed translucent doors, Dvallin's ghost, amateur FoHu
D:4 Dowan; Duvessa


Innate Abilities, Weirdness & Mutations

You have extremely sharp teeth.
Your natural rate of healing is unusually fast.
When hurt, damage is shared between your health and your magic reserves.
Your bite disrupts and absorbs the magic of your enemies.
Potions cannot restore your health.


Message History

Dowan says, "My weaknesses are her strengths!"
Dowan hits you but does no damage.
You feel drained.
You barely miss Duvessa. You bite Duvessa, but do no damage.
Duvessa is severely wounded.
Unknown command.
You hit Duvessa but do no damage.
Duvessa is severely wounded.
Duvessa hits you with a +0 short sword.
* * * LOW HITPOINT WARNING * * *
You hit Duvessa but do no damage. You punch Duvessa, but do no damage.
You bite Duvessa, but do no damage.
Duvessa is severely wounded.
Dowan barely misses you.
You hit Duvessa but do no damage. You bite Duvessa, but do no damage.
Duvessa is severely wounded.
Duvessa barely misses you.
You hit Duvessa but do no damage. Your bite misses Duvessa.
Duvessa is severely wounded.
Dowan hits you but does no damage.
You feel drained.
You hit Duvessa but do no damage.
Duvessa is severely wounded.
Duvessa hits you with a +0 short sword.
* * * LOW HITPOINT WARNING * * *
Dowan hits you with a +2 dagger of draining.
* * * LOW HITPOINT WARNING * * *
You feel drained.
You hit Duvessa.
Duvessa is severely wounded.
You closely miss Duvessa.
Duvessa is severely wounded.
Duvessa hits you with a +0 short sword.
* * * LOW HITPOINT WARNING * * *
Dowan barely misses you.
You closely miss Duvessa.
Duvessa is severely wounded.
You hit Duvessa but do no damage. You punch Duvessa.
Duvessa is severely wounded.
You are no longer glowing.
Duvessa hits you with a +0 short sword.
You die...

#.####...................
#.# ###.#.....<#....#+#.
#.# .......#..####.....
#.# .##.###.#..# ... #.#
# #... .....# .
#.###.##.###.##.#
####............##+#
#...####+##e###.#
#...##....#@#
#...##....#e#
#...##....#.#
#.........#.#####P♣.
#.......e....$.....♣♣♣..
#.....e#+#########..PP..
#...........##..........
#...##......##.........
######...e..##...e...#


You could see Duvessa and Dowan.

Vanquished Creatures
  An iguana (D:4)
  3 orc wizards
  4 adders
  7 gnolls
  5 dart slugs
  9 orcs
  2 ball pythons
  4 endoplasms
  3 giant cockroaches
  5 goblins
  2 hobgoblins (D:1)
  2 jackals (D:3)
  5 quokkas
  5 bats
  4 frilled lizards
  11 kobolds
  6 rats
78 creatures vanquished.

Vanquished Creatures (others)
  4 plants (D:4)
4 creatures vanquished.

Grand Total: 82 creatures vanquished

Notes
Turn   | Place    | Note
-------+----------+-------------------------------------------
     0 | D:1      | mistaj the Vine Stalker Monk began the quest for the Orb.
     0 | D:1      | Reached XP level 1. HP: 11/11 MP: 2/2
   144 | D:1      | Found a faded altar of an unknown god.
   196 | D:1      | Reached XP level 2. HP: 16/16 MP: 3/3
  1625 | D:2      | Reached XP level 3. HP: 19/20 MP: 4/4
  2448 | D:2      | Gained mutation: Your natural rate of healing is unusually
                  | fast. [Vine Stalker growth]
  2448 | D:2      | Reached XP level 4. HP: 23/25 MP: 3/5
  2914 | D:3      | Reached XP level 5. HP: 17/29 MP: 3/6
  3064 | D:3      | Found a runed translucent gate.
  3069 | D:3      | Found a runed translucent gate.
  3070 | D:3      | Found a runed translucent gate.
  3077 | D:3      | Noticed Dvallin's ghost (amateur FoHu)
  3455 | D:4      | Noticed Duvessa
  3455 | D:4      | Noticed Dowan
  3603 | D:4      | Reached XP level 6. HP: 32/34 MP: 7/7
  3792 | D:4      | HP: 1/29 [Dowan/+2 dagger of draining (2)]
  3796 | D:4      | Slain by Duvessa

Illustrated notes

Levels and vault maps discovered:
D:1:      ncdulo_smallfort, layout_basic, shapermc_ecumenical_altar_venn,
          amethyst_killhole
D:2:      minmay_recursive_quarters, layout_loops_corners
D:3:      layout_rooms, gammafunk_ghost_split, st_stairs_10, dk_noncrumbling_2,
          minivault_26
D:4:      layout_basic, lightli_sewer_entry_pipes, serial_forest,
          infiniplex_forest_clump_small, infiniplex_forest_clump_long,
          infiniplex_forest_corner_1, infiniplex_forest_clump_C, uniq_duvessa

Skill      XL: |  1  2  3  4 |
---------------+-------------+-----
Fighting       | 3 4 |  4.8
Short Blades   | 3 4 |  4.8
Dodging        | |  2.4
Stealth        | |  2.4

Action                   |  1- 3 |  4- 6 || total
-------------------------+-------+-------++-------
Melee: Short sword       |    85 |       ||    85
       Bite              |    31 |    75 ||   106
       Dagger            |    27 |   259 ||   286
       Punch             |     2 |     7 ||     9
 Stab: Sleeping          |     2 |     1 ||     3
Armor: Robe              |     7 |       ||     7
       Ring mail         |    25 |    25 ||    50
       Chain mail        |       |    37 ||    37
Dodge: Dodged            |    49 |    52 ||   101

Table legend: (Time is in decaauts)
 A = Elapsed time spent in this place.
 B = Non-inter-level travel time spent in this place.
 C = Inter-level travel time spent in this place.
 D = Time resting spent in this place.
 E = Time spent auto-exploring this place.
 F = Levels seen in this place.
 G = Mean time per level.
                   A        B        C        D        E       F      G
               +--------+--------+--------+--------+--------+-----+--------+
         Total |   3657 |   3529 |    128 |    693 |   1920 |   4 |  914.2 |
       Dungeon |   3657 |   3529 |    128 |    693 |   1920 |   4 |  914.2 |
               +--------+--------+--------+--------+--------+-----+--------+

Top non-repeatable levels by time:
     D:2: 1356 daAuts
     D:1: 1312 daAuts
     D:3: 697 daAuts
     D:4: 290 daAuts
